 Dungeon Crawl Stone Soup version 0.28.0-43-g3370ac3207 (webtiles) character file.

Game seed: 18162630612942661478

420 jimonade the Poker (level 6, -1/53 HPs)
             Began as a Gnoll Cinder Acolyte on Mar 13, 2022.
             Was a High Priest of Ignis.
             Slain by a yak (9 damage)
             ... on level 3 of the Dungeon.
             The game lasted 00:14:31 (3170 turns).

jimonade the Poker (Gnoll Cinder Acolyte)           Turns: 3170, Time: 00:14:31

Health: -1/53      AC:  3    Str: 15    XL:     6   Next: 94%
Magic:  4/11       EV: 11    Int: 14    God:    Ignis [*****.]
Gold:   22         SH:  0    Dex:  7    Spells: 10/12 levels left

rFire   + . .      SeeInvis +   x - +4 hunting sling of Bitzeph {freeze, rElec Stlth+}
rCold   . . .      Faith    .   (no shield)
rNeg    . . .      Spirit   .   p - +0 leather armour
rPois   +          Reflect  .   (no helmet)
rElec   +          Harm     .   (no cloak)
rCorr   .          Rampage  .   (no gloves)
Will    .....                   (no boots)
Stlth   ++........              (no amulet)
HPRegen 0.17/turn               m - ring of poison resistance
MPRegen 0.12/turn               h - ring of see invisible

@: no status effects
A: fangs 1, strong nose, distributed training
a: Renounce Religion, Fiery Armour, Foxfire Swarm, Rising Flame


You were on level 3 of the Dungeon.
You worshipped Ignis.
Ignis was extremely pleased with you.
You visited 1 branch of the dungeon, and saw 4 of its levels.

You collected 184 gold pieces.
You spent 162 gold pieces at shops.

Inventory:

Hand Weapons
 a - a -1 spear of flaming
 c - a +2 war axe of freezing
 e - a +0 short sword
 g - a +0 dagger
 t - a +1 spectral club
 v - a +0 spear
 x - the +4 hunting sling of Bitzeph (weapon) {freeze, rElec Stlth+}
   (You bought it in a shop on level 3 of the Dungeon)

   Any ammunition fired from it freezes those it strikes, dealing additional
   cold damage.
   It can also slow down cold-blooded creatures.
   rElec:     It insulates you from electricity.
   Stlth:     It makes you more stealthy.
Missiles
 n - 18 sling bullets
 q - 96 stones (quivered ammo)
 w - 11 arrows
 y - 2 poisoned darts
Armour
 b - a +0 robe
 d - +0 fire dragon scales
 p - a +0 leather armour (worn)
 A - a +0 helmet
Magical Staves
 k - a staff of earth
Jewellery
 h - a ring of see invisible (right hand)
 m - a ring of poison resistance (left hand)
 s - a ring of protection from cold
Scrolls
 f - a scroll of enchant weapon
 i - a scroll of identify {unknown}
 o - a scroll of teleportation {unknown}
 r - a scroll of noise {unknown}
Potions
 j - 2 potions of lignification {unknown}
 l - 3 potions of heal wounds {unknown}
 u - a potion of berserk rage {unknown}
 z - a potion of haste {unknown}


   Skills:
 + Level 6.9 Fighting
 + Level 2.1 Short Blades
 + Level 2.1 Long Blades
 + Level 2.1 Axes
 + Level 2.1 Maces & Flails
 + Level 6.9 Polearms
 + Level 2.1 Staves
 + Level 2.1 Slings
 + Level 2.1 Bows
 + Level 2.1 Crossbows
 + Level 2.1 Throwing
 + Level 2.1 Armour
 + Level 2.1 Dodging
 + Level 2.1 Stealth
 + Level 2.1 Shields
 + Level 2.1 Unarmed Combat
 + Level 3.5 Spellcasting
 + Level 1.7 Conjurations
 + Level 1.7 Hexes
 + Level 1.7 Summonings
 + Level 1.7 Necromancy
 + Level 1.7 Translocations
 + Level 1.7 Transmutations
 + Level 5.7 Fire Magic
 + Level 1.7 Ice Magic
 + Level 1.7 Air Magic
 + Level 1.7 Earth Magic
 + Level 1.7 Poison Magic
 + Level 2.4 Invocations
 + Level 2.1 Evocations


You had 10 spell levels left.
You knew the following spells:

 Your Spells              Type           Power      Damage    Failure   Level
a - Scorch                Fire           36%        2d7       3%          2

Your spell library contained the following spells:

 Spells                   Type           Power      Damage    Failure   Level


Dungeon Overview and Level Annotations

Branches:
Dungeon (4/15)
 Temple: D:4-7

Altars:

Shops:
D:3 (:(=*


Innate Abilities, Weirdness & Mutations

You have very sharp teeth.
Your uncanny sense of smell can sniff out nearby items.
Your experience applies equally to all skills.


Message History

You kill the quokka!
You shoot a stone. The stone hits the kobold!
The stone freezes the kobold.
You kill the kobold!
You can't see any susceptible monsters within range! (Use Z to cast anyway.)
You shoot a stone. The stone barely misses the yak.
Flames lash the yak.
The yak is lightly wounded.
The yak's fire resistance burns away.
You hear a bellow!
You don't have enough magic to cast this spell.
You don't have enough magic to cast this spell.
You shoot a stone. The stone hits the yak.
The stone freezes the yak.
The yak is moderately wounded.
The yak gores you.
You shoot a stone. The stone hits the yak.
The stone freezes the yak.
The yak is moderately wounded.
The yak gores you.
You shoot a stone. The stone hits the yak.
The stone freezes the yak.
The yak is heavily wounded.
The yak gores you!
The yak is no longer more vulnerable to fire.
Found an escape hatch in the ceiling.
Found a smoky green potion.
Found a ring mail.
The gnoll shouts!
The yak gores you!
A gnoll comes into view. It is wielding a +0 whip.
A goblin comes into view. It is wielding a +0 dagger.
The yak gores you!
* * * LOW HITPOINT WARNING * * *
There is a stone staircase leading up, spattered with blood here.
The yak gores you but does no damage.
You climb upwards.
There is a stone staircase leading down here.
Okay, then.
As you read the scroll labelled GIOTOARPH SEADGH, it crumbles to dust.
It is a scroll of enchant weapon.
Your +1 war axe of freezing glows red for a moment.
The yak gores you!
You die...

###..###.#....
#...........## ####
#.....#.#.###
#..#####.....#....###
#.#...##.............
#.................###
#...........)...รท...)
#............###.....
#...@........##..#.##
##....Y......#...##..#
#..#...#....##.#####.#
#.######.####..# #.# #.#
#.###..## #.. #.#
####.....##### ##.
#.###............####.
##.....#......)...#....
##...####..........#....


You could see a yak.

Vanquished Creatures
  A yak (D:4)
  A hound (D:4)
  An orc priest (D:3)
  Jessica (D:2)
  Robin (D:3)
  3 gnolls (D:2)
  5 adders
  3 worms (D:2)
  3 dart slugs
  3 orcs (D:3)
  4 ball pythons
  7 endoplasms
  9 giant cockroaches
  15 goblins
  9 hobgoblins
  4 quokkas
  3 bats
  A frilled lizard (D:2)
  12 kobolds
  10 rats
96 creatures vanquished.

Notes
Turn   | Place    | Note
-------+----------+-------------------------------------------
     0 | D:1      | jimonade the Gnoll Cinder Acolyte began the quest for the
                  | Orb.
     0 | D:1      | Reached XP level 1. HP: 23/23 MP: 4/4
   137 | D:1      | Reached XP level 2. HP: 29/29 MP: 5/5
   149 | D:1      | Learned a level 2 spell: Scorch
   454 | D:1      | Reached XP level 3. HP: 25/35 MP: 7/7
   772 | D:2      | Reached skill level 1 in Invocations
   833 | D:2      | Reached skill level 1 in Short Blades
   833 | D:2      | Reached skill level 1 in Long Blades
   833 | D:2      | Reached skill level 1 in Axes
   833 | D:2      | Reached skill level 1 in Maces & Flails
   833 | D:2      | Reached skill level 1 in Staves
   833 | D:2      | Reached skill level 1 in Slings
   833 | D:2      | Reached skill level 1 in Bows
   833 | D:2      | Reached skill level 1 in Crossbows
   833 | D:2      | Reached skill level 1 in Throwing
   833 | D:2      | Reached skill level 1 in Armour
   833 | D:2      | Reached skill level 1 in Dodging
   833 | D:2      | Reached skill level 1 in Stealth
   833 | D:2      | Reached skill level 1 in Shields
   833 | D:2      | Reached skill level 1 in Unarmed Combat
   833 | D:2      | Reached skill level 1 in Evocations
   839 | D:2      | Reached XP level 4. HP: 11/41 MP: 1/8
  1304 | D:2      | Reached skill level 1 in Conjurations
  1304 | D:2      | Reached skill level 1 in Hexes
  1304 | D:2      | Reached skill level 1 in Summonings
  1304 | D:2      | Reached skill level 1 in Necromancy
  1304 | D:2      | Reached skill level 1 in Translocations
  1304 | D:2      | Reached skill level 1 in Transmutations
  1304 | D:2      | Reached skill level 1 in Ice Magic
  1304 | D:2      | Reached skill level 1 in Air Magic
  1304 | D:2      | Reached skill level 1 in Earth Magic
  1304 | D:2      | Reached skill level 1 in Poison Magic
  1586 | D:2      | Noticed Jessica
  1589 | D:2      | Killed Jessica
  1590 | D:2      | Reached XP level 5. HP: 47/47 MP: 4/9
  2006 | D:2      | Found a faded altar of an unknown god.
  2194 | D:3      | Found Xaonah's Assorted Antiques.
  2227 | D:3      | Noticed Robin
  2239 | D:3      | Killed Robin
  2598 | D:3      | Found Hiucutwax's Antique Weapon Shoppe.
  2641 | D:3      | Bought a translucent hunting sling for 162 gold pieces
  2641 | D:3      | Identified the +4 hunting sling of Bitzeph {freeze, rElec
                  | Stlth+} (You bought it in a shop on level 3 of the Dungeon)
  2649 | D:3      | Found Yraek's Jewellery Boutique.
  2752 | D:3      | Reached XP level 6. HP: 45/53 MP: 5/11
  2860 | D:3      | Found Saibo's Weapon Shoppe.
  2860 | D:3      | Found Obliw's Book Shoppe.
  3123 | D:4      | Noticed a yak
  3133 | D:4      | Killed a yak
  3134 | D:4      | Noticed a yak
  3137 | D:4      | Noticed a yak
  3170 | D:3      | Slain by a yak

Illustrated notes

Levels and vault maps discovered:
D:1:      lightli_arrival_flooded_house, layout_rooms, minmay_worlds_worst_comb
D:2:      layout_loops_ring, hellmonk_ecumenical_altar_prayer_group,
          uniq_jessica
D:3:      layout_rooms, serial_shops, nicolae_square_shop, shop_statue, shop,
          nicolae_shop_bloodbath_and_beyond, nicolae_shop_stone,
          minmay_fountain_box, nicolae_elevator_lobby_asterisk, uniq_robin
D:4:      layout_rooms

Skill      XL: |  1  2  3  4  5  6 |
---------------+-------------------+-----
Invocations    | 1 2 |  2.4
Short Blades   | 1 2 |  2.1
Long Blades    | 1 2 |  2.1
Axes           | 1 2 |  2.1
Maces & Flails | 1 2 |  2.1
Staves         | 1 2 |  2.1
Slings         | 1 2 |  2.1
Bows           | 1 2 |  2.1
Crossbows      | 1 2 |  2.1
Throwing       | 1 2 |  2.1
Armour         | 1 2 |  2.1
Dodging        | 1 2 |  2.1
Stealth        | 1 2 |  2.1
Shields        | 1 2 |  2.1
Unarmed Combat | 1 2 |  2.1
Evocations     | 1 2 |  2.1
Spellcasting   | 3 |  3.5
Conjurations   | 1 |  1.7
Hexes          | 1 |  1.7
Summonings     | 1 |  1.7
Necromancy     | 1 |  1.7
Translocations | 1 |  1.7
Transmutations | 1 |  1.7
Ice Magic      | 1 |  1.7
Air Magic      | 1 |  1.7
Earth Magic    | 1 |  1.7
Poison Magic   | 1 |  1.7
Fighting       | |  6.9
Polearms       | |  6.9
Fire Magic     | |  5.7

Action                   |  1- 3 |  4- 6 || total
-------------------------+-------+-------++-------
Melee: Spear             |   135 |    16 ||   151
       Bite              |    14 |     3 ||    17
       Punch             |     1 |       ||     1
       War axe           |       |    35 ||    35
 Fire: Hunting sling     |       |    28 ||    28
 Cast: Scorch            |     2 |    55 ||    57
  Use: Scroll            |       |     1 ||     1
 Stab: Sleeping          |       |     2 ||     2
Armor: Robe              |     2 |       ||     2
       Fire dragon scale |    44 |       ||    44
       Leather armour    |       |    20 ||    20
Dodge: Dodged            |    45 |    35 ||    80
